 Dungeon Crawl Stone Soup version 0.31-a0-180-g519b7de00c (webtiles) character file.

Game seed: 15716924653309365805

1478 qw the Skirmisher (level 8, -9/69 (74) HPs)
             Began as a Naga Hunter on June 19, 2023.
             Mangled by a wight
             ... wielding a +0 battleaxe
              (11 damage)
             ... on level 6 of the Dungeon.
             The game lasted 00:01:43 (4485 turns).

qw the Skirmisher (Naga Hunter)                     Turns: 4485, Time: 00:01:43

HP:   -9/69 (74)    AC:  8    Str: 14    XL:     8   Next: 79%
MP:   8/8           EV:  9    Int:  9    God:
Gold: 198           SH:  5    Dex: 23    Spells: 7/7 levels left

rFire   + . .        Y - +3 shortbow
rCold   + . .        (shield currently unavailable)
rNeg    . . .        j - +1 ring mail {rF+}
rPois   +            (no helmet)
rElec   .            d - +0 cloak
rCorr   .            s - +0 pair of gloves
SInv    +            (no barding)
Will    ++...        c - amulet "Roon" {Reflect rC+ SH+5}
Stlth   ++           t - +6 ring of dexterity
HPRegen 0.31/turn    m - ring of willpower
MPRegen 0.11/turn

%: reflection
@: drained, very slow
A: AC +2, large, see invisible, deformed body, poison resistance, slowness 2,
spit poison 1, naga tail 1
a: Spit Poison


You were on level 6 of the Dungeon.
You visited 1 branch of the dungeon, and saw 6 of its levels.

You collected 198 gold pieces.


Innate Abilities, Weirdness & Mutations

Your serpentine skin is tough. (AC +2)
You have supernaturally acute eyesight. (SInv)
Armour fits poorly on your strangely shaped body.
Your system is resistant to poisons. (rPois)
You cover ground very slowly.
You can spit poison.
You have a snake-like lower body.


   Skills:
 - Level 5.3 Fighting
 + Level 8.7 Ranged Weapons
 - Level 2.0 Armour
 - Level 2.4 Dodging
 - Level 1.5 Stealth


You had 7 spell levels left.
You didn't know any spells.
Your spell library was empty.

Inventory:

Hand Weapons
 Y - a +3 shortbow (weapon)
Armour
 d - a +0 cloak (worn)
 j - a +1 ring mail of fire resistance (worn)
 s - a +0 pair of gloves (worn)
Jewellery
 c - the amulet "Roon" (around neck) {Reflect rC+ SH+5}
   (You acquired it on level 3 of the Dungeon)

   [amulet of reflection]

   It reflects blocked missile attacks.
   rC:        It protects you from cold.
   SH:        It affects your SH (+5).
 f - a ring of fire
 i - a +6 ring of strength
 m - a ring of willpower (right hand)
 t - a +6 ring of dexterity (left hand)
Wands
 e - a wand of digging (5)
Scrolls
 l - a scroll of identify
Potions
 a - a potion of might
 g - 2 potions of resistance
 h - 3 potions of curing

Dungeon Overview and Level Annotations

Branches:
Dungeon (6/15)
 Temple: D:4-7

Altars:
Sif Muna


Message History

The splash of poison misses the sky beast.
The wight completely misses you.
The wight hits you with a +3 long sword.
The sky beast hits you but does no damage.
You shoot an arrow. The arrow hits the sky beast!
The sky beast is severely wounded.
You block the wight's attack. The wight hits you but does no damage.
The sky beast hits you. The sky beast shocks you.
You shoot an arrow. The arrow closely misses the sky beast.
The wight hits you but does no damage.
The wight hits you with a +3 long sword!
You block the wight's attack.
The sky beast hits you but does no damage.
You shoot an arrow. The arrow closely misses the sky beast.
The sky beast hits you but does no damage.
The wight hits you but does no damage. The wight barely misses you.
The wight hits you but does no damage.
You shoot an arrow. The arrow barely misses the sky beast.
The sky beast barely misses you.
The wight hits you from afar with a +0 spear.
The wight hits you but does no damage.
The wight hits you with a +0 great sword!
You feel drained.
You shoot an arrow. The arrow hits the sky beast.
The sky beast is severely wounded.
The wight hits you but does no damage.
The wight hits you with a +3 long sword.
The wight hits you with a +0 battleaxe.
You feel drained. The wight closely misses you.
The sky beast hits you but does no damage.
You shoot an arrow. The arrow hits the sky beast.
The sky beast is almost dead.
You have got your breath back.
The sky beast hits you but does no damage.
The wight hits you but does no damage. The wight barely misses you. x2
The wight hits you with a +0 great sword!
You feel drained. The sky beast hits you. The sky beast shocks you.
The wight hits you with a +3 long sword.
The wight barely misses you. The wight hits you with a +0 battleaxe!
You die...

..#............
...............
..#............
..........#.....
..#.............
.....z..........
#.#..)zzY.# ....
......z@..#.....
###..###.........
... ##.........
.....##[.###.....
.....))<## .##.
...).#### .. ....
. ... ..


You could see a sky beast and 4 wights.

Vanquished Creatures
  Prince Ribbit (D:5)
  An ice beast (D:5)
  2 black bears (D:5)
  2 phantoms
  4 scorpions
  A wight (D:6)
  A jelly (D:5)
  3 orc priests (D:5)
  A gnoll bouda (D:6)
  2 hounds
  An iguana (D:4)
  A sleepcap (D:4)
  2 orc wizards
  Ijyb (D:4)
  10 adders
  4 gnolls (D:6)
  A white imp (D:5)
  2 dart slugs
  10 orcs
  8 ball pythons
  5 endoplasms
  4 giant cockroaches
  11 goblins
  11 hobgoblins
  4 jackals
  3 kobolds
  A quokka (D:1)
  6 bats
  5 frilled lizards
  7 rats
115 creatures vanquished.

Notes
Turn   | Place    | Note
-------+----------+-------------------------------------------
     0 | D:1      | qw the Naga Hunter began the quest for the Orb.
     0 | D:1      | Reached XP level 1. HP: 19/19 MP: 1/1
     0 | D:1      | 0 ||| qw: Version: 0.3-a-7-ge0c9b40
     0 | D:1      | 0 ||| qw: Game counter: 1034
     0 | D:1      | 0 ||| qw: Always use a shield: true
     0 | D:1      | 0 ||| qw: God list: Okawaru
     0 | D:1      | 0 ||| qw: Allow faded altars: false
     0 | D:1      | 0 ||| qw: Do Orc after D:15 true
     0 | D:1      | 0 ||| qw: Do second Lair branch before Depths: true
     0 | D:1      | 0 ||| qw: Lair rune preference: random
     0 | D:1      | 0 ||| qw: Plans: Normal
     0 | D:1      | 0 ||| PLANNING D:1-11
    26 | D:1      | 26 ||| INVOKING Spit Poison.
    72 | D:1      | 72 ||| INVOKING Spit Poison.
   148 | D:1      | 148 ||| INVOKING Spit Poison.
   153 | D:1      | 153 ||| INVOKING Spit Poison.
   154 | D:1      | Reached skill level 4 in Ranged Weapons
   154 | D:1      | Reached XP level 2. HP: 24/26 MP: 2/2
   181 | D:1      | 181 ||| INVOKING Spit Poison.
   185 | D:1      | 185 ||| INVOKING Spit Poison.
   258 | D:1      | 258 ||| INVOKING Spit Poison.
   292 | D:1      | 292 ||| INVOKING Spit Poison.
   315 | D:1      | 315 ||| INVOKING Spit Poison.
   319 | D:1      | 319 ||| INVOKING Spit Poison.
   494 | D:1      | 494 ||| INVOKING Spit Poison.
   506 | D:1      | 506 ||| INVOKING Spit Poison.
   511 | D:1      | 511 ||| INVOKING Spit Poison.
   512 | D:1      | Reached XP level 3. HP: 32/32 MP: 3/3
   606 | D:1      | 606 ||| READING scroll labelled UTEQOASIR.
   607 | D:1      | 607 ||| READING scroll labelled NOESEMU LECI.
   608 | D:1      | 608 ||| DROPPING scroll of butterflies.
   635 | D:2      | 635 ||| INVOKING Spit Poison.
   669 | D:2      | 669 ||| INVOKING Spit Poison.
   691 | D:2      | 691 ||| INVOKING Spit Poison.
   724 | D:2      | 724 ||| INVOKING Spit Poison.
   738 | D:2      | 738 ||| INVOKING Spit Poison.
   817 | D:2      | 817 ||| INVOKING Spit Poison.
   910 | D:2      | 910 ||| INVOKING Spit Poison.
  1002 | D:2      | 1002 ||| INVOKING Spit Poison.
  1052 | D:2      | 1052 ||| INVOKING Spit Poison.
  1053 | D:2      | Reached skill level 5 in Ranged Weapons
  1053 | D:2      | Reached XP level 4. HP: 39/39 MP: 4/4
  1173 | D:2      | 1173 ||| UPGRADING to +0 cloak.
  1178 | D:2      | 1178 ||| UPGRADING to ring of willpower.
  1179 | D:2      | 1179 ||| READING 2 scrolls labelled UPEMNY ONTUGAO.
  1184 | D:2      | 1184 ||| DRINKING 4 bubbling orange potions.
  1196 | D:3      | 1196 ||| INVOKING Spit Poison.
  1200 | D:3      | 1200 ||| INVOKING Spit Poison.
  1230 | D:3      | 1230 ||| INVOKING Spit Poison.
  1253 | D:3      | 1253 ||| INVOKING Spit Poison.
  1256 | D:3      | 1256 ||| INVOKING Spit Poison.
  1257 | D:3      | 1257 ||| INVOKING Spit Poison.
  1260 | D:3      | 1260 ||| INVOKING Spit Poison.
  1312 | D:3      | 1312 ||| INVOKING Spit Poison.
  1344 | D:3      | 1344 ||| INVOKING Spit Poison.
  1354 | D:3      | 1354 ||| INVOKING Spit Poison.
  1376 | D:3      | 1376 ||| INVOKING Spit Poison.
  1612 | D:3      | 1612 ||| INVOKING Spit Poison.
  1622 | D:3      | 1622 ||| INVOKING Spit Poison.
  1627 | D:3      | 1627 ||| INVOKING Spit Poison.
  1628 | D:3      | Reached skill level 3 in Fighting
  1672 | D:3      | 1672 ||| INVOKING Spit Poison.
  1676 | D:3      | Found a faded altar of an unknown god.
  1743 | D:3      | 1743 ||| INVOKING Spit Poison.
  1764 | D:3      | 1764 ||| INVOKING Spit Poison.
  1804 | D:3      | 1804 ||| INVOKING Spit Poison.
  1865 | D:3      | 1865 ||| INVOKING Spit Poison.
  1869 | D:3      | 1869 ||| UPGRADING to +1 ring mail of fire resistance.
  1879 | D:3      | 1879 ||| DROPPING +0 leather armour.
  1880 | D:3      | 1880 ||| UPGRADING to +0 pair of gloves.
  1885 | D:3      | 1885 ||| UPGRADING to amulet of guardian spirit.
  1890 | D:3      | 1890 ||| UPGRADING to +6 ring of strength.
  1891 | D:3      | 1891 ||| UPGRADING to +6 ring of dexterity.
  1893 | D:3      | 1893 ||| UPGRADING to ring of willpower.
  1895 | D:3      | 1895 ||| READING scroll labelled PEPYUN PILEUL.
  1895 | D:3      | Identified a scroll of acquirement
  1895 | D:3      | 1895 ||| ACQUIRING amulet "Roon" {Reflect rC+ SH+5}
  1895 | D:3      | Acquired the amulet "Roon" {Reflect rC+ SH+5}
  1897 | D:3      | 1897 ||| UPGRADING to amulet "Roon" {Reflect rC+ SH+5}.
  1907 | D:3      | 1907 ||| DROPPING amulet of guardian spirit.
  1908 | D:3      | 1908 ||| READING 3 scrolls labelled ZYRHAY NYLITU.
  1909 | D:3      | 1909 ||| READING 2 scrolls of enchant weapon.
  1909 | D:3      | 1909 ||| ENCHANTING +1 shortbow.
  1910 | D:3      | 1910 ||| READING scroll of enchant weapon.
  1910 | D:3      | 1910 ||| ENCHANTING +2 shortbow.
  1911 | D:3      | 1911 ||| READING scroll labelled GANAMIOKYTT.
  1912 | D:3      | 1912 ||| READING scroll labelled NUHYSHRUNKI.
  1984 | D:3      | 1984 ||| READING scroll labelled RADUITHOIX.
  1985 | D:3      | 1985 ||| DRINKING 2 cyan potions.
  2090 | D:3      | 2090 ||| DRINKING 2 bubbling golden potions.
  2091 | D:3      | 2091 ||| DRINKING 2 fizzy cyan potions.
  2142 | D:3      | 2142 ||| READING 2 scrolls of identify.
  2142 | D:3      | 2142 ||| IDENTIFYING sapphire potion
  2143 | D:3      | 2143 ||| DROPPING potion of berserk rage.
  2144 | D:3      | 2144 ||| DROPPING potion of brilliance.
  2145 | D:3      | 2145 ||| DROPPING potion of lignification.
  2165 | D:4      | Noticed a phantom
  2171 | D:4      | Noticed Ijyb
  2177 | D:4      | Killed a phantom
  2178 | D:4      | Reached XP level 5. HP: 48/49 MP: 5/5
  2178 | D:4      | 2178 ||| INVOKING Spit Poison.
  2182 | D:4      | 2182 ||| INVOKING Spit Poison.
  2183 | D:4      | Killed Ijyb
  2188 | D:4      | Reached XP level 6. HP: 42/56 MP: 6/6
  2242 | D:4      | 2242 ||| INVOKING Spit Poison.
  2246 | D:4      | 2246 ||| INVOKING Spit Poison.
  2258 | D:4      | Found a shimmering blue altar of Sif Muna.
  2259 | D:4      | 2259 ||| INVOKING Spit Poison.
  2262 | D:4      | 2262 ||| INVOKING Spit Poison.
  2356 | D:4      | 2356 ||| INVOKING Spit Poison.
  2416 | D:4      | 2416 ||| INVOKING Spit Poison.
  2420 | D:4      | Reached skill level 6 in Ranged Weapons
  2573 | D:4      | 2573 ||| INVOKING Spit Poison.
  2590 | D:4      | 2590 ||| INVOKING Spit Poison.
  2603 | D:4      | 2603 ||| INVOKING Spit Poison.
  2616 | D:4      | 2616 ||| INVOKING Spit Poison.
  2656 | D:4      | 2656 ||| INVOKING Spit Poison.
  2700 | D:4      | 2700 ||| INVOKING Spit Poison.
  2772 | D:4      | 2772 ||| INVOKING Spit Poison.
  2775 | D:4      | 2775 ||| INVOKING Spit Poison.
  2778 | D:4      | 2778 ||| INVOKING Spit Poison.
  2808 | D:4      | 2808 ||| INVOKING Spit Poison.
  2810 | D:4      | Reached XP level 7. HP: 62/62 MP: 7/7
  2831 | D:4      | 2831 ||| INVOKING Spit Poison.
  3119 | D:4      | 3119 ||| INVOKING Spit Poison.
  3124 | D:4      | 3124 ||| INVOKING Spit Poison.
  3151 | D:4      | 3151 ||| INVOKING Spit Poison.
  3387 | D:4      | 3387 ||| READING scroll labelled GIKELU LULLY.
  3388 | D:4      | 3388 ||| READING scroll labelled ZOUSSY FENOONG.
  3389 | D:4      | 3389 ||| DRINKING 2 puce potions.
  3390 | D:4      | 3390 ||| DRINKING 3 viscous puce potions.
  3391 | D:4      | 3391 ||| DRINKING 2 inky potions.
  3392 | D:4      | 3392 ||| DROPPING potion of degeneration.
  3453 | D:5      | Entered Level 5 of the Dungeon
  3456 | D:5      | 3456 ||| INVOKING Spit Poison.
  3459 | D:5      | 3459 ||| INVOKING Spit Poison.
  3481 | D:5      | Noticed Prince Ribbit
  3483 | D:5      | 3483 ||| INVOKING Spit Poison.
  3487 | D:5      | 3487 ||| INVOKING Spit Poison.
  3492 | D:5      | HP: 14/66 [Prince Ribbit (12)]
  3492 | D:5      | HP: 1/66 [Prince Ribbit (13)]
  3493 | D:5      | 3493 ||| READING scroll of teleportation.
  3494 | D:5      | 3494 ||| DRINKING 2 potions of heal wounds.
  3495 | D:5      | 3495 ||| DRINKING potion of heal wounds.
  3601 | D:5      | 3601 ||| Stepping ~*~*~tactically~*~*~ (outnumbered).
  3602 | D:5      | 3602 ||| INVOKING Spit Poison.
  3609 | D:5      | 3609 ||| INVOKING Spit Poison.
  3653 | D:5      | 3653 ||| INVOKING Spit Poison.
  3657 | D:5      | 3657 ||| INVOKING Spit Poison.
  3661 | D:5      | 3661 ||| INVOKING Spit Poison.
  3665 | D:5      | 3665 ||| Stepping ~*~*~tactically~*~*~ (outnumbered).
  3666 | D:5      | 3666 ||| INVOKING Spit Poison.
  3668 | D:5      | 3668 ||| Stepping ~*~*~tactically~*~*~ (outnumbered).
  3671 | D:5      | 3671 ||| INVOKING Spit Poison.
  3675 | D:5      | 3675 ||| INVOKING Spit Poison.
  3681 | D:5      | 3681 ||| INVOKING Spit Poison.
  3684 | D:5      | 3684 ||| INVOKING Spit Poison.
  3687 | D:5      | 3687 ||| INVOKING Spit Poison.
  3743 | D:5      | 3743 ||| INVOKING Spit Poison.
  3747 | D:5      | Reached skill level 7 in Ranged Weapons
  3748 | D:5      | 3748 ||| INVOKING Spit Poison.
  3754 | D:5      | 3754 ||| INVOKING Spit Poison.
  3755 | D:5      | Reached XP level 8. HP: 60/73 MP: 8/8
  3764 | D:5      | 3764 ||| INVOKING Spit Poison.
  3767 | D:5      | 3767 ||| INVOKING Spit Poison.
  3767 | D:5      | Killed Prince Ribbit
  3768 | D:5      | Reached skill level 8 in Ranged Weapons
  3773 | D:5      | 3773 ||| INVOKING Spit Poison.
  3829 | D:5      | 3829 ||| INVOKING Spit Poison.
  3898 | D:5      | 3898 ||| INVOKING Spit Poison.
  3901 | D:5      | 3901 ||| INVOKING Spit Poison.
  4342 | D:5      | 4342 ||| READING scroll labelled OTAHEH ZY HANO.
  4370 | D:6      | 4370 ||| INVOKING Spit Poison.
  4373 | D:6      | 4373 ||| INVOKING Spit Poison.
  4376 | D:6      | 4376 ||| INVOKING Spit Poison.
  4382 | D:6      | 4382 ||| INVOKING Spit Poison.
  4388 | D:6      | 4388 ||| INVOKING Spit Poison.
  4416 | D:6      | 4416 ||| FLEEEEING.
  4417 | D:6      | 4417 ||| STAIRDANCE
  4474 | D:6      | 4474 ||| INVOKING Spit Poison.
  4479 | D:6      | 4479 ||| INVOKING Spit Poison.
  4485 | D:6      | HP: 17/71 [wight/+0 great sword (9)]
  4485 | D:6      | HP: 7/69 [sky beast (5)]
  4485 | D:6      | HP: 2/69 [wight/+3 long sword (5)]
  4485 | D:6      | Mangled by a wight

Levels and vault maps discovered:
D:1:      amcnicky_arrival_single_pillar, layout_basic
D:2:      layout_loops_ring
D:3:      layout_basic, serial_corexii_hall, corexii_hall_statues_x,
          corexii_hall_statues_l, corexii_hall_statues_x,
          corexii_hall_statues_l, chequers_ecumenical_altar_island
D:4:      corexii_shack_village, layout_basic, kennysheep_orc_sif_temple,
          uniq_ijyb
D:5:      layout_loops_cross, uniq_prince_ribbit1
D:6:      layout_rooms, minmay_temple_entry_glass, minmay_misc_feat_ornament,
          serial_bayou_crossing

Skill      XL: |  1  2  3  4  5  6  7  8 |
---------------+-------------------------+-----
Ranged Weapons | 4 5 6 7 8 |  8.7
Fighting       | 3 4 5 |  5.3
Armour         | 2 |  2.0
Dodging        | 2 |  2.4
Stealth        | |  1.5

Action                     |  1- 3 |  4- 6 |  7- 9 || total
---------------------------+-------+-------+-------++-------
   Fire: Shortbow          |    51 |    97 |   125 ||   273
Ability: Spit Poison       |    22 |    36 |    35 ||    93
    Use: Scroll            |     2 |     9 |     4 ||    15
         Potion            |       |     4 |     5 ||     9
 Armour: Leather armour    |     3 |     8 |       ||    11
         Ring mail         |       |    17 |    44 ||    61
  Dodge: Dodged            |     8 |    22 |    39 ||    69
  Block: Other             |       |     5 |    21 ||    26

Table legend:
 A = Non-vault XP
 B = Vault XP
 C = Vault XP percentage of total XP
 D = Non-vault monster count
 E = Vault monster count
 F = Vault count percentage of total count
                 A         B        C        D         E       F
            +---------+---------+-------+---------+---------+-------
      Total |    1753 |     359 |  17.0 |     103 |      12 |  10.4
            +---------+---------+-------+---------+---------+-------
        D:1 |      35 |       0 |   0.0 |      21 |       0 |   0.0
        D:2 |      53 |       0 |   0.0 |      17 |       0 |   0.0
        D:3 |      70 |       0 |   0.0 |      22 |       0 |   0.0
        D:4 |     409 |      95 |  18.8 |      13 |      11 |  45.8
        D:5 |     885 |     264 |  23.0 |      22 |       1 |   4.3
        D:6 |     301 |       0 |   0.0 |       8 |       0 |   0.0
            +---------+---------+-------+---------+---------+-------
